 Dungeon Crawl Stone Soup version 0.19.1 (webtiles) character file.

211 Ice the Skirmisher (level 5, -6/48 HPs)
             Began as a Minotaur Berserker on Dec 6, 2016.
             Was a Priest of Trog.
             Killed by divine providence
             ... invoked by an orc priest
              (9 damage)
             ... on level 4 of the Dungeon.
             The game lasted 00:13:24 (2924 turns).

Ice the Skirmisher (Minotaur Berserker)             Turns: 2924, Time: 00:13:25

Health: -6/48      AC: 11    Str: 22    XL:     5   Next: 57%
Magic:  4/4        EV:  5    Int:  4    God:    Trog [***...]
Gold:   172        SH:  7    Dex: 10    Spells: 0 memorised, 4 levels left

rFire  . . .     SeeInvis .     t - +0 mace
rCold  . . .     Gourm    .     A - +0 plate armour
rNeg   . . .     Faith    .     r - +0 shield
rPois  .         Spirit   .     (helmet restricted)
rElec  .         Reflect  .     (no cloak)
rCorr  .         Harm     .     (no gloves)
MR     +....                    (no boots)
Stlth  ..........               (no amulet)
                                (no ring)
                                i - ring of protection from magic

@: no status effects
A: retaliatory headbutt, horns 2
a: Berserk, Trog's Hand, Burn Spellbooks, Renounce Religion


You were on level 4 of the Dungeon.
You worshipped Trog.
Trog was most pleased with you.
You were not hungry.

You visited 1 branch of the dungeon, and saw 4 of its levels.

You collected 172 gold pieces.

Inventory:

Hand Weapons
 l - a +0 short sword
 m - a +2 flail of holy wrath
 t - a +0 mace (weapon)
 B - a +0 blowgun
Missiles
 a - 39 sling bullets
 b - 32 poisoned needles
 k - 18 stones (quivered)
 s - 16 bolts
 v - 8 tomahawks
 y - 7 arrows
Armour
 r - a +0 shield (worn)
 w - a +1 ring mail of poison resistance
 A - a +0 plate armour (worn)
Jewellery
 i - a ring of protection from magic (left hand)
Scrolls
 e - a scroll of random uselessness {unknown}
 f - a scroll of enchant weapon {unknown}
 h - 2 scrolls of magic mapping
 n - a scroll of blinking {unknown}
 p - a scroll of remove curse {unknown}
 q - a scroll of fog {unknown}
Potions
 j - a potion of invisibility {unknown}
 u - a potion of degeneration {unknown}
 x - a potion of flight {unknown}
 z - a potion of resistance {unknown}
Comestibles
 c - 3 bread rations
 d - a royal jelly
 g - 5 chunks of flesh
 o - a slice of pizza


   Skills:
 - Level 5.0 Fighting
 - Level 2.2 Maces & Flails
   Level 3.6 Polearms
 + Level 0.6 Throwing
 - Level 2.4 Armour
 - Level 5.0 Dodging


You had 4 spell levels left.
You didn't know any spells.

Dungeon Overview and Level Annotations

Branches:
Dungeon (4/15)
 Temple: D:4-7

Altars:
Hepliaklqana


Innate Abilities, Weirdness & Mutations

You reflexively headbutt those who attack you in melee.
You have a pair of horns on your head.


Message History

Throwing (i - inventory. (,) - cycle):
k - 20 stones (quivered)
Press: ? - help, Shift-Dir - straight line, f/p - orc priest
Aim: an orc priest, wielding a falchion (moderately wounded)
You throw a stone. The stone barely misses the orc priest.
An orc comes into view.
Throwing (i - inventory. (,) - cycle):
k - 19 stones (quivered)
Press: ? - help, Shift-Dir - straight line, f/p - orc priest
Aim: an orc priest, wielding a falchion (moderately wounded)
You throw a stone. The stone barely misses the orc priest.
The stone hits the adder skeleton.
The adder skeleton is lightly damaged.
The orc priest mumbles some strange prayers to Beogh against you.
Beogh smites you!
* * * LOW HITPOINT WARNING * * *
The orc moves out of view.
The orc priest miscasts a cantrip.
The orc hits you but does no damage.
The orc priest invokes the aid of Beogh against you.
Beogh smites you!
You die...

.# ... .
#.. ..( ..
#(..(
#.###.oZo(_
#..@o(#
#....###.#
#### #


You could see an orc priest, 2 orcs and an adder skeleton.

Vanquished Creatures
  Jessica (D:3)
  An orc wizard (D:3)
  Robin (D:2)
  6 adders
  An ooze (D:1)
  A worm (D:2)
  3 leopard geckos
  5 orcs (D:3)
  A ball python (D:2)
  5 giant cockroaches
  13 goblins
  10 hobgoblins
  A quokka (D:3)
  9 bats
  7 frilled lizards
  7 kobolds
  11 rats
83 creatures vanquished.

Notes
Turn   | Place    | Note
-------+----------+-------------------------------------------
     0 | D:1      | Ice the Minotaur Berserker began the quest for the Orb.
     0 | D:1      | Reached XP level 1. HP: 19/19 MP: 0/0
   117 | D:1      | Reached XP level 2. HP: 23/28 MP: 1/1
   426 | D:1      | Reached ** piety under Trog
   711 | D:2      | Reached skill level 5 in Fighting
   761 | D:2      | Reached XP level 3. HP: 34/36 MP: 2/2
  1545 | D:2      | Reached XP level 4. HP: 42/42 MP: 3/3
  1805 | D:2      | Noticed Robin
  1817 | D:2      | Killed Robin
  2249 | D:3      | Reached XP level 5. HP: 11/48 MP: 4/4
  2441 | D:3      | Reached *** piety under Trog
  2477 | D:3      | Reached skill level 5 in Dodging
  2526 | D:3      | Reached skill level 1 in Maces & Flails
  2545 | D:3      | Noticed Jessica
  2562 | D:3      | Killed Jessica
  2913 | D:4      | Found a hazy altar of Hepliaklqana.
  2924 | D:4      | Killed from afar by an orc priest

Skill      XL: |  1  2  3  4  5 |
---------------+----------------+-----
Fighting       | 4 5 |  5.0
Dodging        | 3 4 5 |  5.0
Maces & Flails | 2 |  2.2
Polearms       | |  3.6
Throwing       | |  0.6
Armour         | |  2.4

Action                   |  1- 3 |  4- 6 || total
-------------------------+-------+-------++-------
Melee: Spear             |   105 |       ||   105
       Headbutt          |    11 |    18 ||    29
       Mace              |     8 |   120 ||   128
 Fire: Blowgun           |       |     4 ||     4
Throw: Stone             |    27 |    95 ||   122
Invok: Berserk           |       |     1 ||     1
  Use: Scroll            |     5 |     2 ||     7
       Potion            |       |     1 ||     1
 Stab: Sleeping          |     1 |       ||     1
  Eat: Chunk             |     2 |     6 ||     8
Armor: Leather armour    |    16 |     9 ||    25
       Plate armour      |       |    45 ||    45
Dodge: Dodged            |    29 |    32 ||    61
Block: Buckler           |    13 |       ||    13
       Shield            |     1 |    57 ||    58
